 Dungeon Crawl Stone Soup version 0.23.2-40-g277498a001 (webtiles) character file.

Game seed: 6290849137651115132

380069 Exodus22XD the Executioner (level 21, -13/207 HPs)
             Began as a Minotaur Fighter on Aug 31, 2019.
             Was the Champion of Qazlal.
             Killed from afar by a titan (30 damage)
             ... with a bolt of lightning
             ... on level 5 of the Vaults.
             The game lasted 03:16:41 (38677 turns).

Exodus22XD the Executioner (Minotaur Fighter)      Turns: 38677, Time: 03:16:42

Health: -13/207    AC: 25    Str: 33    XL:     21   Next: 88%
Magic:  28/32      EV: 14    Int: 12    God:    Qazlal [******]
Gold:   1932       SH: 25    Dex:  7    Spells: 20/20 levels left

rFire    + . .     SeeInvis +   T - +9 broad axe (chop)
rCold    + + .     Gourm    .   Q - +2 shield
rNeg     + + .     Faith    .   G - +5 chain mail of Ucsedano {MR+ Int+4 Dex-4 SInv}
rPois    .         Spirit   .   (helmet restricted)
rElec    +         Reflect  .   j - scarf {rC+ rF+}
rCorr    .         Harm     .   D - +1 pair of gloves of the Iron Devil {rC+}
MR       ++...                  Y - +2 pair of boots
Stlth    ..........             B - amulet of the acrobat
HPRegen  0.44/turn              a - +2 ring of slaying
MPRegen  0.23/turn              q - ring of the Death Scarab {rN++ Str+3 Int+3}

@: protected from electricity, studying Dodging, repel missiles
A: retaliatory headbutt, horns 2
}: 2/15 runes: serpentine, barnacled
a: Upheaval, Elemental Force, Disaster Area, Renounce Religion


You were on level 5 of the Vaults.
You worshipped Qazlal.
Qazlal was exalted by your worship.
You were hungry.

You visited 7 branches of the dungeon, and saw 35 of its levels.
You visited the Abyss 1 time.
You also visited: Volcano.

You collected 4105 gold pieces.
You spent 2173 gold pieces at shops.

Inventory:

Hand Weapons
 K - a +1 morningstar of crushing
 T - a +9 broad axe of chopping (weapon)
Armour
 j - a scarf of resistance (worn)
 A - +5 fire dragon scales
 D - the +1 pair of gloves of the Iron Devil (worn) {rC+}
   (You bought it in a shop on level 1 of the Orcish Mines)

   It protects you from cold.
 G - the +5 chain mail of Ucsedano (worn) {MR+ Int+4 Dex-4 SInv}
   (You found it on level 10 of the Dungeon)

   It affects your intelligence (+4).
   It affects your dexterity (-4).
   It affects your resistance to hostile enchantments.
   It lets you see invisible.
 Q - a +2 shield (worn)
 Y - a +2 pair of boots (worn)
Jewellery
 a - a +2 ring of slaying (left hand)
 h - an uncursed ring of poison resistance
 l - a +4 ring of protection
 q - the ring of the Death Scarab (right hand) {rN++ Str+3 Int+3}
   (You found it on level 1 of the Snake Pit)

   [ring of strength]

   It affects your strength (+3).
   It affects your intelligence (+3).
   It greatly protects you from negative energy.
 r - an uncursed ring of positive energy
 w - an uncursed ring of flight
 B - an amulet of the acrobat (around neck)
 O - an uncursed ring of fire
 X - an uncursed ring of protection from magic
Wands
 b - a wand of random effects (21)
Scrolls
 d - 5 scrolls of enchant weapon
 e - 6 scrolls of fog
 g - 7 scrolls of teleportation
 s - 3 scrolls of blinking
 y - 2 scrolls of immolation
 C - 4 scrolls of brand weapon
 E - 4 scrolls of magic mapping
 F - 6 scrolls of remove curse
 L - 3 scrolls of identify
 R - 2 scrolls of amnesia
 U - 4 scrolls of fear
 V - a scroll of holy word
 Z - 2 scrolls of vulnerability
Potions
 i - 2 potions of resistance
 k - a potion of brilliance
 o - 3 potions of lignification
 p - 5 potions of cancellation
 v - 11 potions of curing
 z - 5 potions of mutation
 I - 3 potions of berserk rage
 M - 2 potions of haste
 W - a potion of might
Books
 H - a manual of Dodging
Miscellaneous
 J - 3 boxes of beasts
Comestibles
 f - 54 rations


   Skills:
 + Level 22.2 Fighting
 + Level 24.2 Axes
 - Level 2.3(16.8) Maces & Flails
 + Level 16.0 Armour
 + Level 11.8 Dodging
 - Level 0.4 Stealth
 - Level 15.3 Shields
 * Level 17.3 Invocations


You had 20 spell levels left.
You didn't know any spells.
Your spell library contained the following spells:

 Spells                   Type           Power        Failure   Level  Hunger
 Animate Skeleton         Necr           N/A          67%         1    ##.....
 Corona                   Hex            #......      67%         1    ##.....
 Freeze                   Ice            #...         67%         1    ##.....
 Magic Dart               Conj           #...         67%         1    ##.....
 Pain                     Necr           #...         67%         1    ##.....
 Blink                    Tloc           N/A          80%         2    ###....
 Ensorcelled Hibernation  Hex/Ice        #.....       80%         2    ###....
 Passwall                 Tmut/Erth      #.......     80%         2    ###....
 Poisonous Vapours        Pois/Air       #.....       80%         2    ###....
 Searing Ray              Conj           #.....       80%         2    ###....
 Shroud of Golubria       Chrm/Tloc      #.........   80%         2    ###....
 Song of Slaying          Chrm           #.......     80%         2    ###....
 Throw Frost              Conj/Ice       #.....       80%         2    ###....
 Confuse                  Hex            #.......     95%         3    ####...
 Dazzling Spray           Conj/Hex       #.....       95%         3    ####...
 Gell's Gravitas          Tloc           #.........   95%         3    ####...
 Lesser Beckoning         Tloc           #.........   95%         3    ####...
 Ozocubu's Armour         Chrm/Ice       #.......     95%         3    ####...
 Recall                   Summ/Tloc      N/A          95%         3    ####...
 Regeneration             Chrm/Necr      #.........   95%         3    ####...
 Teleport Other           Tloc           #.......     95%         3    ####...
 Tukima's Dance           Hex            #.......     95%         3    ####...
 Vampiric Draining        Necr           #.........   95%         3    ####...
 Animate Dead             Necr           N/A          100%        4    #####..
 Cause Fear               Hex            #.........   100%        4    #####..
 Force Lance              Conj/Tloc      #.......     100%        4    #####..
 Fulminant Prism          Conj/Hex       #.........   100%        4    #####..
 Iskenderun's Mystic Bla  Conj           #.......     100%        4    #####..
 Passage of Golubria      Tloc           N/A          100%        4    #####..
 Summon Ice Beast         Ice/Summ       #.......     100%        4    #####..
 Throw Icicle             Conj/Ice       #.......     100%        4    #####..
 Borgnjor's Vile Clutch   Necr/Erth      #.........   100%        5    ######.
 Silence                  Hex/Air        #.........   100%        5    ######.
 Yara's Violent Unravell  Hex/Tmut       #.........   100%        5    ######.
 Death Channel            Necr           #.........   100%        6    #######
 Deflect Missiles         Chrm/Air       #.........   100%        6    #######
 Simulacrum               Ice/Necr       #.........   100%        6    #######
 Discord                  Hex            #.........   100%        8    #######


Dungeon Overview and Level Annotations

Branches:
Dungeon (13/15)            Temple (0/1) D:4            Lair (6/6) D:10
 Shoals (4/4) Lair:4        Snake (4/4) Lair:2        Slime (0/5) Lair:5
    Orc (2/2) D:11            Elf (1/3) Orc:2        Vaults (5/5) D:13
  Crypt (0/3) Vaults:3

Altars:
Ashenzari
Dithmenos
Fedhas
Kikubaaqudgha
Qazlal
Ru
Sif Muna
Uskayaw
Vehumet
Xom
Yredelemnul
Zin
Lugonu

Shops:
D:6 =   Orc:1 [%   Orc:2 ([(?   Shoals:1 (   Snake:1 =   Snake:2 !   Snake:4 (
Vaults:1 }   Vaults:3 }   Vaults:4 [

Portals:
Trove: Vaults:1 (give 11 potions of heal wounds)

Annotations:
Lair:5 3 runed translucent doors, destino's ghost, journeyman BaIE


Innate Abilities, Weirdness & Mutations

You reflexively headbutt those who attack you in melee.
You have a pair of horns on your head.


Message History

* * * LOW HITPOINT WARNING * * *
Press: ? - help, v - describe, . - travel
Here: a titan (severely wounded)
The floor, spattered with blood.
Press: ? - help, v - describe, . - travel
Here: a yaktaur captain, wielding a +0 arbalest The floor.
Okay, then.
Aiming: Upheaval
Press: ? - help, Dir - move target cursor A storm cloud blasts the area with cutting wind!
The cutting wind hits the yaktaur captain!!!
The yaktaur captain is severely wounded.
The yaktaur captain shoots a bolt.
You block the bolt.
The stone giant throws a large rock.
The large rock barely misses you.
The titan gestures at you while chanting.
The bolt of lightning hits you!!
Your resistance to physical damage fades away.
You feel protected from electricity.
You die...

### ##(## #@○(#
.....eC§.○...#
.....°c..○..##
.............#
.....§#.......#
#....###CD...##
##..# ##...##
... ....


You could see a titan, a quicksilver dragon, a stone giant, a yaktaur captain
and a deep elf knight.

Vanquished Creatures
  An ancient lich (Vaults:5)
  Vashnia (Snake:3)
  Margery (Vaults:3)
  A tentacled monstrosity (Vaults:5)
  A lich (Vaults:3)
  A titan (Vaults:5)
  A quicksilver dragon (Vaults:5)
  A kraken (Shoals:2)
  3 sphinxes (Vaults:5)
  2 tentacled starspawn (Abyss:2)
  Kirke (Snake:4)
  3 tengu reavers (Vaults:5)
  4 shadow dragons (Vaults:5)
  12 nagarajas
  2 frost giants (Vaults:5)
  Ilsuiw (Shoals:4)
  9 vault wardens
  7 deep elf sorcerers
  The ghost of Sinuygae the Fighter, a journeyman MiBe of Trog (Snake:1)
  16 ironheart preservers
  A very ugly thing (Vaults:5)
  Nessos (D:13)
  3 entropy weavers
  A deep elf demonologist (Vaults:5)
  4 stone giants
  3 deep elf annihilators
  Azrael (Orc:2)
  A deep elf death mage (Vaults:5)
  5 merfolk javelineers
  8 ettins
  3 fire dragons
  5 yaktaur captains
  A deep elf high priest (Vaults:5)
  A rakshasa (Vaults:2)
  4 merfolk impalers (Shoals:4)
  5 hydras
  Erolcha (Orc:2)
  2 great orbs of eyes
  26 vault guards
  5 ice dragons
  A centaur warrior (D:10)
  5 merfolk aquamancers
  25 anacondas
  16 naga warriors
  An alligator snapping turtle (Shoals:4)
  14 ogre magi
  53 two-headed ogres
  A dancing weapon (Vaults:5)
  10 death yaks
  3 merfolk avatars
  A deep troll earth mage (Vaults:4)
  A satyr (Shoals:2)
  A queen ant (Lair:5)
  3 death knights
  A hell hog (Volcano)
  9 shock serpents
  A storm dragon zombie (Vaults:3)
  2 wretched stars (Abyss:2)
  Sonja (Lair:1)
  15 naga sharpshooters
  A sixfirhy (Abyss:2)
  8 deep elf knights
  5 large abominations
  3 salamander mystics
  6 hell knights (Vaults:3)
  A shadow wraith (Vaults:3)
  6 deep trolls
  2 unseen horrors
  11 sea snakes
  8 naga ritualists
  14 orc knights
  2 wizards (Vaults:3)
  A swamp dragon (Lair:6)
  Pikel (D:7)
  5 phantasmal warriors
  2 flayed ghosts
  2 lindwurms (Lair:6)
  6 deep elf archers
  10 ironbrand convokers
  30 harpies
  An orb spider (shapeshifter) (Vaults:1)
  25 deep elf magi
  3 necromancers
  5 orc sorcerers
  10 mana vipers
  A faun (shapeshifter) (Vaults:5)
  11 salamanders
  2 oklob plants (Lair:1)
  14 manticores
  8 fauns
  3 human zombies
  A salamander (shapeshifter) (Vaults:2)
  13 ugly things
  A shining eye (shapeshifter) (Vaults:2)
  A moth of wrath (Snake:1)
  A cyclops (shapeshifter) (Vaults:1)
  A wolf spider (Vaults:3)
  6 cyclopes
  5 merfolk sirens
  14 naga magi
  An apocalypse crab (Abyss:2)
  A guardian serpent (shapeshifter) (Vaults:2)
  35 black mambas
  A water nymph (shapeshifter) (Vaults:5)
  9 guardian serpents
  2 molten gargoyles (Volcano)
  8 vault sentinels
  An eye of devastation (shapeshifter) (Vaults:2)
  2 smoke demons (Abyss:2)
  3 gargoyles
  13 spiny frogs
  7 water nymphs
  5 torpor snails (Lair:6)
  A kobold demonologist (D:9)
  6 komodo dragons
  8 freezing wraiths
  3 rime drakes
  37 yaktaurs
  A yaktaur zombie (Vaults:3)
  4 ancient zymes (Abyss:2)
  2 hellwings (D:9)
  14 merfolk
  5 trolls
  A human skeleton (Vaults:4)
  A jumping spider (shapeshifter) (Vaults:2)
  A merfolk (shapeshifter) (D:13)
  A jumping spider (Vaults:4)
  3 tyrant leeches (Lair:6)
  2 polar bears
  15 blink frogs
  11 hornets
  A raiju (Abyss:2)
  5 wind drakes
  15 slime creatures
  A frost giant simulacrum (Vaults:3)
  8 snapping turtles
  5 dream sheep
  14 hippogriffs
  7 spriggans (Lair:2)
  A ynoxinul (Abyss:2)
  2 redbacks
  6 water elementals
  A tarantella (shapeshifter) (Vaults:3)
  18 humans
  A wraith (Vaults:1)
  2 wyverns
  3 shadows
  A basilisk (D:11)
  Eustachio (D:5)
  A dire elephant simulacrum (Abyss:2)
  7 starcursed masses (Abyss:2)
  A fire elemental (Orc:2)
  6 hogs
  54 yaks
  7 fire bats (Volcano)
  A steam dragon (D:10)
  A human simulacrum (Vaults:4)
  4 hungry ghosts
  3 vampire mosquitoes (D:13)
  2 wargs
  A soldier ant (shapeshifter) (Vaults:5)
  63 nagas
  12 water moccasins
  3 acid dragons
  13 soldier ants (Lair:5)
  11 porcupines
  4 ice beasts
  7 hell hounds
  2 sky beasts
  A slave (D:6)
  2 swamp drakes (Lair:6)
  3 eyes of draining
  25 orc warriors
  3 black bears
  3 phantoms
  2 necrophages
  An elf skeleton (Vaults:4)
  19 crocodiles
  19 centaurs
  6 wolves (Lair:3)
  57 ogres
  12 small abominations
  14 big kobolds
  21 bullfrogs
  3 wyvern zombies
  2 scorpions
  An elf simulacrum (Vaults:4)
  11 wights
  12 killer bees
  2 howler monkeys
  A vampire bat (D:3)
  An electric eel (Lair:4)
  3 centaur zombies
  10 crimson imps
  5 lava snakes (Volcano)
  11 hounds
  5 jellies
  A quasit (D:13)
  13 orc priests
  A bullfrog skeleton (D:9)
  Jessica (D:2)
  7 centaur skeletons
  19 worker ants
  Ijyb (D:3)
  15 orc wizards
  2 iguanas
  A killer bee zombie (D:6)
  A hound zombie (D:9)
  3 hound skeletons
  2 worker ant zombies
  13 gnolls
  17 adders
  6 shadow imps
  2 white imps
  4 oozes
  An adder skeleton (D:8)
  2 worms
  2 dart slugs
  10 leopard geckos
  87 orcs
  13 bats
  5 giant cockroaches
  5 goblins
  7 hobgoblins
  8 jackals
  4 quokkas
  7 frilled lizards
  2 jackal skeletons
  24 kobolds
  A quokka skeleton (D:5)
  A quokka zombie (D:5)
  3 rats
  A crawling corpse (Vaults:5)
  A fungus (Lair:4)
  4 plants
  3 starspawn tentacles (Abyss:2)
  4 tentacles (Shoals:2)
1622 creatures vanquished.

Vanquished Creatures (collateral kills)
  An entropy weaver (Lair:5)
1 creature vanquished.

Vanquished Creatures (others)
  A tengu reaver (Vaults:5)
  A two-headed ogre (Orc:2)
  A deep elf mage (Vaults:5)
  Maurice (D:13)
  A basilisk (Lair:6)
  A naga (Snake:4)
  2 orc priests
  An adder skeleton (D:7)
  2 crawling corpses (Vaults:5)
  7 fungi
  31 plants
  2 starspawn tentacles (Abyss:2)
  7 tentacles (Shoals:2)
  7 toadstools (D:1)
65 creatures vanquished.

Grand Total: 1688 creatures vanquished

Notes
Turn   | Place    | Note
-------+----------+-------------------------------------------
     0 | D:1      | Exodus22XD the Minotaur Fighter began the quest for the
                  | Orb.
     0 | D:1      | Reached XP level 1. HP: 19/19 MP: 0/0
   183 | D:1      | Reached XP level 2. HP: 23/27 MP: 1/1
   294 | D:1      | Reached XP level 3. HP: 32/33 MP: 2/2
   604 | D:2      | Noticed an ogre
   610 | D:2      | Killed an ogre
   610 | D:2      | Reached skill level 3 in Axes
   610 | D:2      | Reached XP level 4. HP: 27/41 MP: 3/3
   736 | D:2      | Noticed Jessica
   737 | D:2      | Noticed a water elemental
   741 | D:2      | Killed Jessica
   741 | D:2      | Reached skill level 5 in Shields
   741 | D:2      | Reached XP level 5. HP: 39/47 MP: 4/4
   764 | D:2      | Found a stormy altar of Qazlal.
   771 | D:2      | Noticed a fire elemental
   776 | D:2      | Noticed an air elemental
   969 | D:2      | Reached skill level 4 in Axes
  1081 | D:2      | Became a worshipper of Qazlal Stormbringer
  1211 | D:3      | Found a hide-covered altar of Uskayaw.
  1375 | D:3      | You fall through a shaft!
  1375 | D:4      | Noticed an ogre
  1380 | D:4      | Killed an ogre
  1380 | D:4      | Reached skill level 5 in Fighting
  1380 | D:4      | Reached skill level 1 in Dodging
  1380 | D:4      | Reached XP level 6. HP: 42/56 MP: 5/5
  1481 | D:4      | Found a staircase to the Ecumenical Temple.
  1547 | D:3      | Reached * piety under Qazlal
  1547 | D:3      | Reached skill level 5 in Axes
  1854 | D:3      | You fall through a shaft for 2 floors!
  1854 | D:5      | Entered Level 5 of the Dungeon
  1919 | D:5      | Noticed Eustachio
  1946 | D:5      | Killed Eustachio
  1946 | D:5      | Reached skill level 1 in Invocations
  1946 | D:5      | Reached XP level 7. HP: 56/61 MP: 6/6
  2376 | D:5      | Found a glowing silver altar of Zin.
  2479 | D:5      | Reached skill level 6 in Axes
  2480 | D:5      | Found a blossoming altar of Fedhas.
  2597 | D:5      | Reached ** piety under Qazlal
  3139 | D:4      | Found a shattered altar of Ashenzari.
  3143 | D:4      | Found a radiant altar of Vehumet.
  3143 | D:4      | Found a basalt altar of Yredelemnul.
  3154 | D:4      | Found a deep blue altar of Sif Muna.
  3168 | D:4      | Found a sacrificial altar of Ru.
  3199 | D:3      | Found a stormy altar of Qazlal.
  3207 | D:3      | Reached XP level 8. HP: 69/69 MP: 8/8
  3351 | D:3      | Noticed Ijyb
  3351 | D:3      | Paralysed by Ijyb for 6 turns
  3359 | D:3      | Killed Ijyb
  3359 | D:3      | Reached skill level 5 in Armour
  3557 | D:6      | Reached skill level 7 in Axes
  3573 | D:6      | Noticed a hornet
  3579 | D:6      | Killed a hornet
  3582 | D:6      | Found a blossoming altar of Fedhas.
  3597 | D:6      | Found an ancient bone altar of Kikubaaqudgha.
  3785 | D:6      | Reached skill level 8 in Axes
  3897 | D:6      | Reached *** piety under Qazlal
  4126 | D:6      | Reached XP level 9. HP: 75/75 MP: 10/10
  4211 | D:6      | Found Safuun's Jewellery Boutique.
  4442 | D:7      | Reached skill level 9 in Axes
  4463 | D:7      | Noticed Pikel
  4734 | D:7      | Noticed a troll
  4739 | D:7      | Killed Pikel
  4749 | D:7      | Killed a troll
  5225 | D:7      | Found a shimmering altar of Xom.
  5470 | D:8      | Noticed a gargoyle
  5486 | D:8      | Noticed a two-headed ogre
  5538 | D:8      | Found a shadowy altar of Dithmenos.
  5567 | D:9      | Noticed a troll
  5597 | D:9      | Reached skill level 10 in Axes
  5626 | D:9      | Killed a troll
  5626 | D:9      | Reached skill level 5 in Invocations
  6044 | D:8      | Reached XP level 10. HP: 68/86 MP: 12/12
  6311 | D:8      | Killed a gargoyle
  6324 | D:8      | Killed a two-headed ogre
  6715 | D:9      | Reached skill level 11 in Axes
  6722 | D:9      | Reached **** piety under Qazlal
  6768 | D:9      | Reached skill level 10 in Shields
  7221 | D:9      | Noticed a smoke demon
  7285 | D:9      | Reached skill level 12 in Axes
  7300 | D:9      | Reached XP level 11. HP: 78/94 MP: 14/14
  7337 | D:9      | Reached ***** piety under Qazlal
  7595 | D:9      | Got a pair of brightly glowing boots
  7601 | D:9      | Identified the cursed +0 pair of boots of Elitism {+Blink
                  | rF- rN++} (You found it on level 9 of the Dungeon)
  8049 | D:10     | Entered Level 10 of the Dungeon
  8050 | D:10     | Noticed a death yak
  8051 | D:10     | Noticed a death yak
  8384 | D:10     | Noticed a death yak
  8867 | D:10     | Noticed a death yak
  8874 | D:10     | Noticed a death yak
  8891 | D:10     | Reached skill level 13 in Axes
  8943 | D:9      | Killed a death yak
  9233 | D:9      | Killed a death yak
  9419 | D:10     | Found a staircase to the Lair.
  9460 | D:10     | Noticed a centaur warrior
  9474 | D:10     | Killed a centaur warrior
  9474 | D:10     | Reached XP level 12. HP: 97/104 MP: 16/16
  9497 | D:10     | Killed a death yak
  9568 | D:9      | Killed a death yak
  9906 | D:10     | Killed a death yak
  9961 | D:10     | Noticed a two-headed ogre
  9970 | D:10     | Killed a two-headed ogre
  9996 | D:10     | Got a distressingly furry chain mail
 10016 | D:10     | Identified the +5 chain mail of Ucsedano {MR+ Int+4 Dex-4
                  | SInv} (You found it on level 10 of the Dungeon)
 10100 | D:10     | Reached skill level 14 in Axes
 10125 | D:10     | Noticed a two-headed ogre
 10139 | D:10     | Killed a two-headed ogre
 10468 | D:10     | Identified Easy Spellcraft
 10704 | Lair:1   | Entered Level 1 of the Lair of Beasts
 10768 | Lair:1   | Noticed Sonja
 10778 | Lair:1   | Killed Sonja
 10831 | Lair:1   | Reached skill level 10 in Fighting
 11542 | Lair:2   | Found a staircase to the Snake Pit.
 11757 | Lair:2   | Noticed a seven-headed hydra
 11768 | Lair:2   | Killed a seven-headed hydra
 11988 | Lair:2   | Reached ****** piety under Qazlal
 12103 | Lair:2   | Found a dark tunnel.
 12117 | Volcano  | Entered a volcano
 12165 | Volcano  | Reached skill level 1 in Maces & Flails
 12165 | Volcano  | Reached XP level 13. HP: 114/114 MP: 18/18
 12383 | Volcano  | Noticed a fire dragon
 12457 | Volcano  | Found a burning altar of Makhleb.
 12489 | Volcano  | Killed a fire dragon
 13126 | Lair:3   | Reached skill level 15 in Axes
 13820 | Lair:4   | Found a staircase to the Shoals.
 14159 | Lair:5   | Noticed an entropy weaver
 14168 | Lair:5   | Noticed an entropy weaver
 14176 | Lair:5   | Killed an entropy weaver
 14176 | Lair:5   | Reached skill level 10 in Invocations
 14192 | Lair:5   | Killed an entropy weaver
 14192 | Lair:5   | Reached skill level 10 in Armour
 14256 | Lair:5   | Found a staircase to the Slime Pits.
 14488 | Lair:5   | Found a runed translucent gate.
 14488 | Lair:5   | Found a runed translucent gate.
 14488 | Lair:5   | Found a runed translucent gate.
 14491 | Lair:5   | Noticed destino's ghost (journeyman BaIE)
 14874 | Lair:6   | Entered Level 6 of the Lair of Beasts
 14945 | Lair:6   | Reached XP level 14. HP: 124/124 MP: 20/20
 15945 | Lair:6   | Reached skill level 16 in Axes
 15945 | Lair:6   | Reached skill level 5 in Dodging
 16420 | Lair:6   | Reached skill level 15 in Shields
 16682 | Lair:6   | Found a runed translucent door.
 17303 | Shoals:1 | Entered Level 1 of the Shoals
 17991 | Shoals:1 | Found Hon Zoud's Weapon Shoppe.
 17999 | Shoals:1 | Bought a +3 broad axe of chopping for 299 gold pieces
 18373 | Shoals:2 | Reached XP level 15. HP: 133/134 MP: 22/22
 18772 | Shoals:2 | Got a dazzling ring mail
 18783 | Shoals:2 | Identified the +0 ring mail "Latafe" {rPois rF++ Int-2
                  | Stlth+} (You found it on level 2 of the Shoals)
 18879 | Shoals:2 | Reached skill level 17 in Axes
 18923 | Shoals:2 | Noticed a kraken
 18949 | Shoals:2 | Killed a kraken
 19679 | Shoals:4 | Entered Level 4 of the Shoals
 19685 | Shoals:4 | Noticed Ilsuiw
 20344 | Shoals:4 | Killed Ilsuiw
 20549 | Shoals:4 | Reached skill level 18 in Axes
 20828 | Shoals:4 | Reached XP level 16. HP: 145/145 MP: 24/24
 21516 | Shoals:4 | Got a barnacled rune of Zot
 21941 | Snake:1  | Entered Level 1 of the Snake Pit
 22247 | Snake:1  | Found Inashryuk's Jewellery Boutique.
 22387 | Snake:1  | Noticed Sinuygae's ghost (journeyman MiBe)
 22393 | Snake:1  | Found a transporter.
 22437 | Snake:1  | Found a transporter.
 24019 | Snake:2  | Found Fadulit's Distillery.
 24022 | Snake:2  | Bought a potion of curing for 48 gold pieces
 24022 | Snake:2  | Bought a potion of heal wounds for 80 gold pieces
 24022 | Snake:2  | Bought a potion of might for 64 gold pieces
 24566 | Snake:3  | Noticed Vashnia
 25107 | Snake:3  | Reached skill level 15 in Fighting
 25122 | Snake:3  | Reached skill level 19 in Axes
 25289 | Snake:3  | Killed Vashnia
 26055 | Snake:4  | Entered Level 4 of the Snake Pit
 26071 | Snake:4  | Reached XP level 17. HP: 131/156 MP: 26/26
 26078 | Snake:4  | Identified the +2 whip "Izxamah" {slash, -Tele rF+ Dex+3}
 27248 | Snake:4  | Noticed Kirke
 27271 | Snake:4  | Killed Kirke
 27338 | Snake:4  | Found Xaelinwi's Weapon Shop.
 27427 | Snake:4  | Reached skill level 20 in Axes
 28297 | Snake:4  | Reached XP level 18. HP: 151/168 MP: 27/27
 28690 | Snake:4  | Got a serpentine rune of Zot
 29065 | Snake:1  | Killed Sinuygae's ghost
 29070 | Snake:1  | Got a transparent copper ring
 29093 | Snake:1  | Identified the ring of the Death Scarab {rN++ Str+3 Int+3}
                  | (You found it on level 1 of the Snake Pit)
 29570 | D:11     | Found a staircase to the Orcish Mines.
 29585 | Orc:1    | Entered Level 1 of the Orcish Mines
 29605 | Orc:1    | Found Rofuotif's Antique Armour Emporium.
 29628 | Orc:1    | Paralysed by an orc sorcerer for 3 turns
 29661 | Orc:1    | Bought a pair of ancient gloves for 247 gold pieces
 29672 | Orc:1    | Identified the +1 pair of gloves of the Iron Devil {rC+}
                  | (You bought it in a shop on level 1 of the Orcish Mines)
 29674 | Orc:1    | Bought a glowing shield for 195 gold pieces
 29843 | Orc:1    | You fall through a shaft!
 29843 | Orc:2    | Entered Level 2 of the Orcish Mines
 29844 | Orc:2    | Noticed Azrael
 29853 | Orc:2    | Killed Azrael
 29873 | Orc:1    | Found Golyoleo's Food Emporium.
 30221 | Orc:2    | Found a staircase to the Elven Halls.
 30407 | Orc:2    | Found Qesimy's Magic Scroll Emporium.
 30408 | Orc:2    | Found Tulid's Armour Boutique.
 30408 | Orc:2    | Found Hilaugro's Antique Weapon Shoppe.
 30408 | Orc:2    | Found Ohesied's Weapon Boutique.
 30570 | Orc:2    | Noticed Erolcha
 30576 | Orc:2    | Killed Erolcha
 30698 | Orc:2    | Bought a scarf of resistance for 512 gold pieces
 30716 | Orc:2    | Bought a scroll of acquirement for 728 gold pieces
 30721 | Orc:2    | Got a pair of faintly humming gloves
 30732 | Orc:2    | Identified the +2 pair of gloves of Fallacy {MR- Int+6}
                  | (You acquired it on level 2 of the Orcish Mines)
 30759 | Elf:1    | Entered Level 1 of the Elven Halls
 30783 | Elf:1    | Reached skill level 21 in Axes
 32039 | D:13     | Noticed Maurice
 32045 | D:13     | Noticed Nessos
 32051 | D:13     | Killed Maurice
 32071 | D:13     | Killed Nessos
 32199 | D:13     | Reached skill level 15 in Invocations
 32290 | D:13     | Found a corrupted altar of Lugonu.
 32480 | D:13     | Found a gate to the Vaults.
 32487 | Vaults:1 | Entered Level 1 of the Vaults
 32490 | Vaults:1 | Found Resigruz's Gadget Shop.
 32528 | Vaults:1 | Cast into level 2 of the Abyss (a deep elf sorcerer)
 32539 | Abyss:2  | Found a corrupted altar of Lugonu.
 32616 | Abyss:2  | Reached XP level 19. HP: 161/180 MP: 29/29
 32734 | Vaults:1 | Escaped the Abyss
 33845 | Vaults:1 | Found a portal to a secret trove of treasure.
 34204 | Vaults:2 | Reached skill level 22 in Axes
 34292 | Vaults:2 | Reached skill level 10 in Dodging
 35156 | Vaults:2 | Reached skill level 15 in Armour
 35172 | Vaults:2 | Reached XP level 20. HP: 178/193 MP: 30/30
 35883 | Vaults:3 | Got a slimy war axe
 35884 | Vaults:3 | Identified the cursed +3 war axe of Offence {chop, +Rage
                  | rF+++ rN+ Dex-4} (You found it on level 3 of the Vaults)
 35893 | Vaults:3 | Noticed Margery
 35919 | Vaults:3 | Killed Margery
 36478 | Vaults:3 | Found Miqet's Gadget Shoppe.
 36755 | Vaults:3 | Found a staircase to the Crypt.
 37150 | Vaults:4 | Reached skill level 23 in Axes
 37678 | Vaults:4 | Found Viopneqigo's Armour Shoppe.
 38477 | Vaults:5 | Entered Level 5 of the Vaults
 38478 | Vaults:5 | Reached XP level 21. HP: 204/204 MP: 32/32
 38531 | Vaults:5 | Noticed an ancient lich
 38555 | Vaults:5 | Killed an ancient lich
 38559 | Vaults:5 | Reached skill level 24 in Axes
 38648 | Vaults:5 | Paralysed by an ironbrand convoker for 7 turns
 38677 | Vaults:5 | Killed from afar by a titan

Skill      XL: |  1  2  3  4  5  6  7  8  9 10 11 12 13 14 15 16 17 18 19 20 21 |
---------------+----------------------------------------------------------------+-----
Armour         | 4 5 6 7 8 9 10 11 12 13 14 15 16 | 16.0
Shields        | 4 5 6 7 8 9 10 11 13 14 15 | 15.3
Fighting       | 4 5 6 7 9 10 11 12 13 15 16 18 19 21 22 | 22.2
Axes           | 3 4 5 6 8 10 12 13 14 15 16 18 19 20 21 22 23 24 | 24.2
Dodging        | 1 2 3 4 6 7 8 9 10 11 | 11.8
Invocations    | 1 2 3 5 6 7 9 10 11 12 13 14 15 16 17 | 17.3
Maces & Flails | 1 2 |  2.3
Stealth        | |  0.4

Action                   |  1- 3 |  4- 6 |  7- 9 | 10-12 | 13-15 | 16-18 | 19-21 || total
-------------------------+-------+-------+-------+-------+-------+-------+-------++-------
Melee: War axe           |    58 |   140 |   314 |   696 |   689 |       |    27 ||  1924
       Headbutt          |     4 |    26 |    57 |   145 |   183 |   281 |   215 ||   911
       Morningstar       |       |       |       |     7 |    46 |    10 |       ||    63
       Broad axe         |       |       |       |       |   297 |  1281 |   896 ||  2474
       Battleaxe         |       |       |       |       |     5 |       |       ||     5
Invok: Elemental Force   |       |       |       |       |     3 |       |       ||     3
       Upheaval          |       |       |       |       |     1 |       |     1 ||     2
       Disaster Area     |       |       |       |       |     1 |       |     4 ||     5
 Abil: Evoke Blink       |       |       |       |     1 |     1 |       |       ||     2
Evoke: Wand              |       |       |     4 |       |       |       |       ||     4
  Use: Scroll            |       |       |    14 |     6 |    21 |    15 |     6 ||    62
       Potion            |       |       |     1 |     1 |     2 |     2 |    12 ||    18
 Stab: Paralysed         |       |       |     6 |       |       |       |       ||     6
       Invisible         |       |       |       |       |       |    11 |       ||    11
       Distracted        |       |       |       |       |       |       |     2 ||     2
  Eat: Chunk             |       |     4 |    13 |    17 |    22 |    25 |    16 ||    97
       Ration            |       |       |       |     1 |     2 |     4 |     1 ||     8
Armor: Scale mail        |    35 |    36 |       |       |       |       |       ||    71
       Chain mail        |       |    87 |   124 |   177 |   151 |   150 |   151 ||   840
       Fire dragon scale |       |       |       |       |   143 |    39 |       ||   182
       Plate armour      |       |       |       |       |    12 |       |       ||    12
Dodge: Dodged            |    24 |    54 |    69 |   128 |   319 |   350 |   188 ||  1132
       Deflected         |       |       |       |     4 |    22 |    46 |    23 ||    95
Block: Shield            |    41 |   140 |   236 |   608 |  1044 |  1120 |   694 ||  3883
